 Dungeon Crawl Stone Soup version 0.31-a0-358-gac0dbeb3ab (webtiles) character file.

Game seed: 13717121712913723713

1081 Bnni the Changeling (level 8, -3/54 HPs)
             Began as an Octopode Shapeshifter on July 25, 2023.
             Slain by an ice beast (9 damage)
             ... on level 5 of the Dungeon.
             The game lasted 00:06:24 (4938 turns).

Bnni the Changeling (Octopode Shapeshifter)         Turns: 4938, Time: 00:06:24

Health: -3/54      AC:  1    Str: 14    XL:     8   Next: 29%
Magic:  8/8        EV: 13    Int: 10    God:
Gold:   269        SH:  0    Dex: 15    Spells: 7/7 levels left

rFire   . .          .
                       - Unarmed
rCold   . . .        (no shield)
rNeg    . . .        (helmet currently unavailable)
rPois   .            k - amulet of regeneration
rElec   .            (no ring)
rCorr   .            (no ring)
SInv    .            (no ring)
Will    .....        (no ring)
Stlth   ++           (no ring)
HPRegen 1.09/turn    (no ring)
MPRegen 0.11/turn    (no ring)
                     (no ring)

%: no passive effects
@: beast-form
A: beast (slay +4), almost no armour, amphibious, 8 rings, camouflage 1,
gelatinous body 1, (nimble swimmer 1), tentacles
a: Begin Untransformation


You were on level 5 of the Dungeon.
You were a hulking beast.
You visited 1 branch of the dungeon, and saw 8 of its levels.

You collected 269 gold pieces.

Inventory:

Hand Weapons
 p - a +2 dagger of venom
Jewellery
 a - a ring of fire
 k - an amulet of regeneration (around mantle)
Talismans
 b - a beast talisman
Scrolls
 e - 2 scrolls of brand weapon {unknown}
 f - 3 scrolls of fear
 g - a scroll of summoning {unknown}
 h - a scroll of amnesia {unknown}
 j - 2 scrolls of identify {unknown}
 l - a scroll of teleportation {unknown}
 o - a scroll of acquirement {unknown}
 q - a scroll of vulnerability {unknown}
 r - 2 scrolls of immolation {unknown}
Potions
 c - 2 potions of might {unknown}
 d - a potion of magic {unknown}
 i - 2 potions of curing
 m - 2 potions of cancellation {unknown}
 n - a potion of heal wounds {unknown}


   Skills:
 + Level 4.6 Fighting
 - Level 2.0 Dodging
 + Level 5.5 Unarmed Combat
 * Level 6.4 Shapeshifting


You had 7 spell levels left.
You didn't know any spells.
Your spell library contained the following spells:

 Spells                   Type           Power      Damage    Failure   Level
 Portal Projectile        Hex/Tloc       0%         N/A       75%         3
 Tukima's Dance           Hex            0%         N/A       75%         3
 Iskenderun's Mystic Bla  Conj/Tloc      0%         2d3       98%         4


Dungeon Overview and Level Annotations

Branches:
Dungeon (8/15)
 Temple: D:4-7         Lair: D:8-11

Altars:
Ru
The Shining One

Annotations:
D:8 Erica


Innate Abilities, Weirdness & Mutations

You are a hulking beast.
Your limbs bulge with bestial killing power. (Slay +4)
You cannot wear most types of armour.
You are amphibious.
You can wear up to eight rings at the same time.
Your skin changes colour to match your surroundings (Stealth+).
Your rubbery body absorbs attacks. (AC +1, EV +1)
((You are camouflaged when in or above water. (Stealth+)))
You have tentacles for arms and can constrict up to eight enemies at once.


Message History

You closely miss the gnoll. Your grab misses the gnoll. You squeeze the gnoll!
The gnoll is heavily wounded.
You tentacle-slap the gnoll. You grab the gnoll.
The gnoll is almost dead.
You constrict the gnoll.
You kill the gnoll!
The gnoll barely misses you.
Found 3 stones.
The gnoll barely misses you.
You tentacle-slap the gnoll but do no damage.
Your grab misses the gnoll. The gnoll barely misses you.
You tentacle-slap the ice beast.
The ice beast is lightly wounded.
The gnoll barely misses you. The ice beast hits you. The ice beast freezes you!
You tentacle-slap the ice beast.
The ice beast is lightly wounded.
The orc hits you with a +0 dagger. The ice beast hits you.
The ice beast freezes you.
* * * LOW HITPOINT WARNING * * *
The gnoll closely misses you.
It was a potion of curing.
You feel better. The orc hits you with a +0 dagger. The ice beast misses you.
The gnoll closely misses you.
You tentacle-slap the gnoll. You grab the gnoll. You squeeze the gnoll!
You kill the gnoll!
The orc hits you with a +0 dagger. The ice beast hits you.
The ice beast freezes you!
* * * LOW HITPOINT WARNING * * *
Unknown command.
You feel better. The orc hits you with a +0 dagger.
* * * LOW HITPOINT WARNING * * *
The ice beast hits you.
* * * LOW HITPOINT WARNING * * *
The ice beast freezes you.
* * * LOW HITPOINT WARNING * * *
You tentacle-slap the ice beast but do no damage.
You squeeze the ice beast.
The ice beast is moderately wounded.
The orc misses you. The ice beast hits you.
* * * LOW HITPOINT WARNING * * *
The ice beast freezes you!
You die...

♣...♣##...##.##
.....##.......# .##....
♣...♣##...#...###..#...(
.....##.(.##..##.......
##_####....#..#......##
######..####.........##
#.....###...........
.....##.!.##)...o......
....# #........h)......
..#. ##..))..)?Y.....# .
# #.............##
.....$.........##
#..............##
##..##........... #...
##..........# ....
.........⌠..


You could see an ice beast and an orc.

Vanquished Creatures
  A sky beast (D:6)
  A black bear (D:4)
  An ogre (D:4)
  The ghost of hitsuchi the Digger, an amateur MeEE (D:3)
  A phantom (D:4)
  A scorpion (D:4)
  2 howler monkeys
  2 jellies (D:4)
  2 hounds
  Jessica (D:2)
  2 iguanas (D:5)
  Natasha (thrice) (D:3)
  An orc wizard (D:4)
  4 gnolls
  8 adders
  A hound simulacrum (D:3)
  2 white imps
  3 dart slugs
  2 adder simulacra (D:3)
  14 orcs
  3 bats
  6 endoplasms
  2 giant cockroaches
  9 goblins
  2 hobgoblins
  3 jackals (D:1)
  9 kobolds
  8 quokkas
  2 ball pythons
  A ball python simulacrum (D:3)
  3 frilled lizards
  9 rats
110 creatures vanquished.

Notes
Turn   | Place    | Note
-------+----------+-------------------------------------------
     0 | D:1      | Bnni the Octopode Shapeshifter began the quest for the Orb.
     0 | D:1      | Reached XP level 1. HP: 13/13 MP: 1/1
    71 | D:1      | Reached XP level 2. HP: 18/18 MP: 2/2
   378 | D:1      | Reached XP level 3. HP: 23/23 MP: 3/3
   837 | D:2      | Noticed Jessica
   841 | D:2      | Reached XP level 4. HP: 20/29 MP: 4/4
   843 | D:2      | Killed Jessica
  1013 | D:2      | Reached skill level 4 in Shapeshifting
  1395 | D:3      | Noticed Natasha
  1400 | D:3      | Killed Natasha
  1401 | D:3      | Reached XP level 5. HP: 34/35 MP: 5/5
  1406 | D:3      | Noticed Natasha
  1413 | D:3      | Killed Natasha
  1543 | D:3      | Found a runed translucent gate.
  1544 | D:3      | Found a runed translucent gate.
  1544 | D:3      | Found a runed translucent gate.
  1608 | D:3      | Noticed Natasha
  1614 | D:3      | Killed Natasha
  2009 | D:3      | Noticed hitsuchi's ghost (amateur MeEE)
  2038 | D:3      | Reached XP level 6. HP: 39/41 MP: 6/6
  2297 | D:3      | Killed hitsuchi's ghost
  2610 | D:4      | Reached skill level 5 in Shapeshifting
  2879 | D:4      | You fall into a shaft and drop 3 floors!
  2907 | D:7      | Noticed a steam dragon
  2926 | D:8      | Noticed Erica
  3027 | D:6      | Reached XP level 7. HP: 42/46 MP: 7/7
  3530 | D:5      | Entered Level 5 of the Dungeon
  3542 | D:4      | Reached skill level 5 in Unarmed Combat
  3589 | D:4      | Found a sacrificial altar of Ru.
  3732 | D:4      | Reached skill level 6 in Shapeshifting
  3732 | D:4      | Reached XP level 8. HP: 23/54 MP: 8/8
  4861 | D:5      | Found a glowing golden altar of the Shining One.
  4938 | D:5      | Slain by an ice beast

Illustrated notes

Levels and vault maps discovered:
D:1:      spicycebolla_green_bress_n_ham, layout_basic,
          chequers_serial_rivers_micro_b, kennysheep_crisscross,
          bh_walls_and_bars
D:2:      layout_loops_ring, uniq_jessica
D:3:      layout_loops_ring, gammafunk_ghost_icy, uniq_natasha
D:4:      layout_basic, mainiacjoe_overflow_boulevard
D:5:      layout_cave_pools, tso_altar, gammafunk_temple_overflow_elements,
          minmay_temple_entry_waves, minivault_4
D:6:      layout_basic, minmay_manual_mares
D:7:      layout_basic, nicolae_qazlal_general_emergency, minmay_holes,
          nicolae_grassy_gnolls
D:8:      layout_gridville, uniq_maurice, uniq_joseph, uniq_erica

Skill      XL: |  1  2  3  4  5  6  7 |
---------------+----------------------+-----
Fighting       | 2 3 4 |  4.6
Shapeshifting  | 4 5 6 |  6.4
Unarmed Combat | 4 5 |  5.5
Dodging        | |  2.0

Action                     |  1- 3 |  4- 6 |  7- 9 || total
---------------------------+-------+-------+-------++-------
  Melee: Unarmed           |    46 |    69 |    80 ||   195
         Constrict         |    15 |    19 |    19 ||    53
         Tentacles         |     8 |    15 |    22 ||    45
         Punch             |     4 |     2 |     1 ||     7
         Dagger            |       |    12 |       ||    12
    Use: Potion            |       |     1 |     2 ||     3
         Scroll            |       |       |     1 ||     1
   Stab: Sleeping          |     5 |    12 |     5 ||    22
         Distracted        |       |       |     1 ||     1
 Armour: Skin              |     3 |    14 |     1 ||    18
  Dodge: Dodged            |    25 |    31 |    37 ||    93

Table legend: (Time is in decaauts)
 A = Elapsed time spent in this place.
 B = Non-inter-level travel time spent in this place.
 C = Inter-level travel time spent in this place.
 D = Time resting spent in this place.
 E = Time spent auto-exploring this place.
 F = Levels seen in this place.
 G = Mean time per level.
                   A        B        C        D        E       F      G
               +--------+--------+--------+--------+--------+-----+--------+
         Total |   4924 |   4635 |    289 |    484 |   3207 |   8 |  615.5 |
       Dungeon |   4924 |   4635 |    289 |    484 |   3207 |   8 |  615.5 |
               +--------+--------+--------+--------+--------+-----+--------+

Top non-repeatable levels by time:
     D:4: 1598 daAuts
     D:3: 1198 daAuts
     D:2: 763 daAuts
     D:1: 599 daAuts
     D:6: 511 daAuts
     D:7: 134 daAuts
     D:5: 116 daAuts
     D:8: 3 daAuts
